 Dungeon Crawl Stone Soup version 0.29.1-14-g9c671dbff4 (webtiles) character file.

Game seed: 5555845311582494558

7 Mickster the Digger (level 1, 0/14 HPs)
             Began as a Demigod Wanderer on Feb 21, 2023.
             Slain by a kobold
             ... wielding a +0 club
              (3 damage)
             ... on level 1 of the Dungeon.
             The game lasted 00:05:07 (390 turns).

Mickster the Digger (Demigod Wanderer)               Turns: 390, Time: 00:05:07

Health: 0/14       AC:  3    Str: 11    XL:     1   Next: 73%
Magic:  5/5        EV: 12    Int: 16    God:
Gold:   14         SH:  0    Dex: 13    Spells: 3/3 levels left

rFire   . . .      SeeInvis .   b - +0 whip
rCold   . . .      Faith    .   (no shield)
rNeg    . . .      Spirit   .   c - +0 robe
rPois   .          Reflect  .   (no helmet)
rElec   .          Harm     .   d - +0 cloak
rCorr   .          Rampage  .   (no gloves)
Will    .....                   (no boots)
Stlth   +.........              (no amulet)
HPRegen 0.04/turn               (no ring)
MPRegen 0.09/turn               (no ring)

@: no status effects
A: high MP 1, forlorn, divine attributes
a: no special abilities


You were on level 1 of the Dungeon.
You visited 1 branch of the dungeon, and saw 1 of its levels.

You collected 14 gold pieces.

Inventory:

Hand Weapons
 a - a +0 dagger
 b - a +0 whip (weapon)
Missiles
 e - 3 boomerangs (quivered)
 f - 15 stones
Armour
 c - a +0 robe (worn)
 d - a +0 cloak (worn)


   Skills:
 + Level 1.0 Armour
 + Level 1.9 Dodging
 + Level 1.8 Spellcasting
 + Level 1.0 Air Magic
 + Level 3.0 Earth Magic
 + Level 1.0 Evocations


You had 3 spell levels left.
You didn't know any spells.
Your spell library contained the following spells:

 Spells                   Type           Power      Damage    Failure   Level
 Sandblast                Erth           22%        2d7       6%          1
 Shock                    Conj/Air       12%        1d3       17%         1
 Passwall                 Tmut/Erth      5%         N/A       17%         2
 Swiftness                Air            4%         N/A       38%         3
 Leda's Liquefaction      Hex/Erth       3%         N/A       75%         4


Dungeon Overview and Level Annotations

Branches:
Dungeon (1/15)

Shops:
D:1 [


Innate Abilities, Weirdness & Mutations

You have an increased reservoir of magic. (+10% MP)
You shall have no god before yourself.
Your divine heritage dramatically boosts your attributes as you level up.


Message History

Found a blue potion.
The jackal barks!
The kobold shouts!
The ball python hisses angrily.
The jackal closely misses you. x2
A giant cockroach comes into view.
The jackal misses you. The jackal closely misses you.
The ball python barely misses you. The ball python grabs you.
The ball python constricts you.
You escape the ball python's grasp.
The jackal bites you. The jackal barely misses you.
Things that are here:
a rat corpse; a jackal corpse The jackal misses you.
The jackal attacks as you move away! The jackal bites you.
You hit the jackal.
The jackal is moderately wounded.
The jackal closely misses you.
You closely miss the jackal.
The jackal is moderately wounded.
The jackal bites you but does no damage.
The jackal barely misses you.
You hit the jackal but do no damage.
The jackal is moderately wounded.
The jackal barely misses you. The jackal bites you.
You closely miss the jackal.
The jackal is moderately wounded.
The jackal closely misses you.
You hit the jackal.
You kill the jackal!
The ball python bites you. The ball python grabs you.
The ball python constricts you.
Your Earth Magic skill increases to level 3!
You barely miss the ball python. The ball python closely misses you.
The ball python constricts you.
* * * LOW HITPOINT WARNING * * *
You hit the ball python.
You kill the ball python!
You closely miss the kobold. The kobold hits you with a +0 club.
* * * LOW HITPOINT WARNING * * *
You barely miss the kobold. The kobold hits you with a +0 club.
You die...

#######.....#
#...
#.....'.....#
#...
#.#####.....#
##.. #.#
#.....# ###
#.# #######
#.# #.# #.#
.. #@# . #K#
#B# ###
#.###....
#...!....
#........
#........
#....B...
#........


You could see a giant cockroach and a kobold.

Vanquished Creatures
  2 jackals (D:1)
  A ball python (D:1)
  A bat (D:1)
  2 frilled lizards (D:1)
  A kobold (D:1)
  2 rats (D:1)
9 creatures vanquished.

Notes
Turn   | Place    | Note
-------+----------+-------------------------------------------
     0 | D:1      | Mickster the Demigod Wanderer began the quest for the Orb.
     0 | D:1      | Mickster set off with the following items: a +0 dagger, a
                  | scroll of vulnerability, a +0 robe, a +0 cloak; and the
                  | following spells available to memorise: Sandblast, Shock,
                  | Passwall, Swiftness, Leda's Liquefaction.
     0 | D:1      | Reached XP level 1. HP: 14/14 MP: 5/5
    67 | D:1      | Found Goaprix's Armour Shoppe.
   387 | D:1      | Reached skill level 3 in Earth Magic
   390 | D:1      | Slain by a kobold

Illustrated notes

Levels and vault maps discovered:
D:1:      minmay_arrival_four_loops, layout_basic, serial_shops, shop,
          dreamdust_ecumenical_altar_grove, st_stairs_1,
          grunt_decor_mini_mirrors, minmay_stone_trees_small,
          kennysheep_small_spiral

Skill      XL: |  1 |
---------------+----+-----
Earth Magic    | 3 |  3.0
Armour         | |  1.0
Dodging        | |  1.9
Spellcasting   | |  1.8
Air Magic      | |  1.0
Evocations     | |  1.0

Action                   || total
-------------------------++-------
Melee: Whip              ||    27
       Dagger            ||     7
Throw: Boomerang         ||     2
  Use: Potion            ||     1
Armor: Robe              ||    16
Dodge: Dodged            ||    36
